[Event "Early-Titled-Tuesday-Blitz-April-16-2024"]
[Site "Chess.com"]
[Date "2024.04.16"]
[Round "6"]
[White "kleber2007"]
[Black "MatthewG-p4p"]
[Result "0-1"]
[WhiteElo "2589"]
[BlackElo "2849"]
[TimeControl "180+1"]
[EndTime "9:08:38 PDT"]
[Termination "MatthewG-p4p won by checkmate"]

1. Nf3 c5 2. c4 g6 3. d4 cxd4 4.
Nxd4 Bg7 5. e4 Nc6 6. Be3 Nf6 7. Nc3 O-O 8. Be2 d6 9. O-O Nxd4 10. Bxd4 a5 11.
e5 dxe5 12. Bxe5 Be6 13. Qxd8 Rfxd8 14. Rfd1 Rxd1+ 15. Rxd1 a4 16. Nb5 Rc8 17. b3 axb3 18. axb3 b6 19. Bf3 Nd7 20. Bxg7 Kxg7 21. Na7 Rc7 22. Nc6 Nc5 23. Nd4 Bd7 24. h4 e5 25.
Nb5 Bxb5 26. cxb5 Nxb3 27. Rd6 f5 28. Bd5 Nd4 29. Rxb6 Rc5 30. Bc6 e4 31. Rb7+ Kf6 32.
Rb6 Ke5 33. Rb7 Rc1+ 34. Kh2 Rc2 35. Rxh7 Rxf2 36. Kg3 Rb2 37. Re7+ Kf6 38. Rd7 Ne6 39.
Rd6 Ke5 40. Rd5+ Kf6 41. Rd6 f4+ 42. Kh3 Ke7 43. Rd7+ Kf8 44. Bxe4 Nc5 45. Rd6 Nxe4 46.
Rxg6 Rxb5 47. Rg4 Nf2+ 48. Kh2 Nxg4+ 49. Kg1 Rb1# 0-1

[Event "Early-Titled-Tuesday-Blitz-April-16-2024"]
[Site "Chess.com"]
[Date "2024.04.16"]
[Round "6"]
[White "mariangie523"]
[Black "LuisFSiles"]
[Result "0-1"]
[WhiteElo "2157"]
[BlackElo "2362"]
[TimeControl "180+1"]
[EndTime "9:08:38 PDT"]
[Termination "LuisFSiles won on time"]

1. e4 c5 2. Nf3 Nc6 3. d4 cxd4 4.
Nxd4 Nf6 5. f3 e5 6. Nb3 d5 7.
Bg5 d4 8. Bc4 h6 9. Bh4 Be7 10.
Bf2 O-O 11. O-O Nd7 12. c3 Nb6 13. Be2 Be6 14. cxd4 Bxb3 15. Qxb3 Nxd4 16. Bxd4 Qxd4+ 17. Kh1 Rfd8 18. Rd1 Qf2 19. Nc3 Bg5 20. Rf1 Qh4 21. g3 Qh3 22. Rad1 h5 23. Rfe1 Bd2 24. Bf1 Qc8 25.
Re2 Bxc3 26. Rxd8+ Qxd8 27. Qxc3 Qd1 28. Re1 Qd6 29. Bb5 h4 30. Kg2 Rc8 31. Qe3 Rc2+ 32. Re2 Qc7 33. a4 Rc1 34. gxh4 Nd7 35. Qg5 Nf6 36. h5 Nh7 37. Qg4 a6 38. Bd3 Rd1 39. Bc2 Rc1 40. Bb3 Qb6 41. Ba2 Qg1+ 42. Kh3 Ng5+ 43.
Kh4 Nxf3+ 44. Qxf3 Qxh2+ 0-1

[Event "Early-Titled-Tuesday-Blitz-April-16-2024"]
[Site "Chess.com"]
[Date "2024.04.16"]
[Round "6"]
[White "Itay121"]
[Black "andrew-blr"]
[Result "0-1"]
[WhiteElo "2545"]
[BlackElo "2666"]
[TimeControl "180+1"]
[EndTime "9:08:39 PDT"]
[Termination "andrew-blr won by resignation"]

1. e4 c5 2. Nf3 e6 3. d4 cxd4 4. Nxd4 Bc5 5. Nb3 Bb6 6. Nc3 Ne7 7. Bd3 O-O 8. O-O Nbc6 9. Qh5 f5 10. exf5 Nxf5 11.
Bg5 Nce7 12. Rad1 d5 13. Na4 Bc7 14. Rfe1 g6 15. Qe2 Qd6 16. g3 e5 17. Nc3 Qc6 18. Bb5 Qb6 19. Nxd5 Nxd5 20. Rxd5 Be6 21. Rd2 Bxb3 22. axb3 Nd4 23. Bc4+ Kg7 24. Rxd4 Qxd4 25. c3 Qb6 26. Be3 Qf6 27. b4 Bb6 28. Bd5 Bxe3 29.
Qxe3 Rae8 30. Qxa7 Re7 31. Qe3 h5 32. h4 Qd6 33.
Qe4 b6 34. Re2 Rf5 35. Kg2 Qf6 36. c4 g5 37. hxg5 Qxg5 38. Qe3 Qf6 39. b5 h4 40. Be4 Rh5 41. g4 h3+ 42. Kh2 Rh4 43. f3 Rh8 44. Bd5 Qh4 45. Qf2 Qg5 46. Qg3 Qc1 47. Rxe5 Qxb2+ 48. Re2 Rxe2+ 49. Qg2 Rxg2+ 0-1

[Event "Early-Titled-Tuesday-Blitz-April-16-2024"]
[Site "Chess.com"]
[Date "2024.04.16"]
[Round "6"]
[White "rhwr"]
[Black "gau248"]
[Result "0-1"]
[WhiteElo "2283"]
[BlackElo "2578"]
[TimeControl "180+1"]
[EndTime "9:08:39 PDT"]
[Termination "gau248 won on time"]

1. e4 e5 2. Bc4 Nf6 3. d3 c6 4.
Nf3 Be7 5. O-O d5 6. exd5 cxd5 7. Bb5+ Bd7 8. c4 Bxb5 9. cxb5 Nbd7 10. Re1 Qc7 11. Nc3 O-O 12. d4 e4 13. Nh4 Rfe8 14.
Nf5 Bb4 15. Bd2 g6 16. Ne3 Nb6 17. Rc1 Qd7 18. Qb3 Bxc3 19. bxc3 Rac8 20. c4 dxc4 21. Nxc4 Qxd4 22. Be3 Qd8 23. Red1 Nbd5 24. Bxa7 Qe7 25.
a4 b6 26. Bxb6 Rxc4 27. Rxc4 Nxb6 28. Rc6 Nbd7 29. a5 Ne5 30. Rc3 Nd3 31. b6 Rb8 32.
a6 Ng4 33. b7 Rd8 34. b8=Q Rxb8 35. Qxb8+ Kg7 36. a7 Qf6 37. Rcxd3 Qxf2+ 38. Kh1 Qe2 0-1

[Event "Early-Titled-Tuesday-Blitz-April-16-2024"]
[Site "Chess.com"]
[Date "2024.04.16"]
[Round "6"]
[White "SpongeBob_03"]
[Black "Hercog"]
[Result "0-1"]
[WhiteElo "2238"]
[BlackElo "2151"]
[TimeControl "180+1"]
[EndTime "9:08:39 PDT"]
[Termination "Hercog won by resignation"]

1. e4 c6 2. Nc3 d5 3. Nf3 Bg4 4. h3 Bxf3 5. Qxf3 e6 6. exd5 cxd5 7. Bb5+ Nc6 8. d3 Nf6 9. Bg5 Be7 10. g4 O-O 11. h4 Nd4 12. Qd1 Nxb5 13. Nxb5 Qa5+ 14. Nc3 d4 15. Bd2 dxc3 16. Bxc3 Qd5 17. f3 Nxg4 18. Qe2 Bf6 19. Bxf6 Nxf6 20. O-O-O Qxa2 21. Qe5 Qd5 22. Qc3 Rac8 23. Qd2 Qa2 24. Qb4 Nd5 25. Qd4 Qa1+ 26. Kd2 Qa5+ 27. c3 Qb6 28. Qxb6 axb6 29. Rhg1 h5 30.
Rg5 g6 31. Rdg1 b5 32. Rxh5 Kg7 33. Rhg5 Rh8 34. h5 Rh6 35. b3 Kf6 36. c4 bxc4 37.
bxc4 Nf4 38. hxg6 Rxg6 39. Rxg6+ Nxg6 40. Rb1 Rc7 41. Ke3 Ke5 42. d4+ Kd6 43. Rb6+ Kd7 44. c5 Ne7 45. Ke4 Nd5 46. Rd6+ Ke7 47. f4 Rc8 48. f5 Rh8 49. fxe6 fxe6 50. Ke5 Rh5+ 51. Ke4 Rg5 52. Kd3 Rg4 53. Kc4 Rh4 54.
Kd3 Rh3+ 55. Kc4 Rc3+ 56. Kb5 Rd3 57. Kc4 Rd2 58. Kb5 Rxd4 59. Ka5 Rd1 60. Kb5 Nc7+ 61.
Kb6 Rxd6+ 62. cxd6+ Kxd6 63. Kxb7 e5 0-1

[Event "Early-Titled-Tuesday-Blitz-April-16-2024"]
[Site "Chess.com"]
[Date "2024.04.16"]
[Round "6"]
[White "Nimrod_Veinberg"]
[Black "kuba2006"]
[Result "1-0"]
[WhiteElo "2711"]
[BlackElo "2543"]
[TimeControl "180+1"]
[EndTime "9:08:40 PDT"]
[Termination "Nimrod_Veinberg won on time"]

1. e4 Nf6 2. e5 Nd5 3. d4 d6 4. Nf3 Bg4 5. Be2 c6 6. exd6 exd6 7. O-O Be7 8. h3 Bh5 9. c4 Nb6 10. b3 O-O 11. Nc3 Bf6 12. Bf4 Na6 13. Qd2 Re8 14. Rfe1 Qd7 15. g4 Bg6 16. Bd3 Bxd3 17. Qxd3 h5 18. Ne4 hxg4 19. Nxf6+ gxf6 20. Nh4 Rxe1+ 21. Rxe1 Re8 22. Rxe8+ Qxe8 23. Nf5 Qe1+ 24. Kg2 Nb4 25. Nh6+ Kf8 26. Bxd6+ Ke8 27. Bxb4 gxh3+ 28. Qxh3 Qxb4 29. Nf5 Qf8 30. a4 a5 31. Qe3+ Kd7 32.
d5 Nc8 33. dxc6+ bxc6 34. Qd2+ Kc7 35. Qxa5+ Kd7 36. Qd2+ Kc7 37. b4 Qg8+ 38. Kf3 Qg6 39. Qf4+ Kb7 40. a5 Qh5+ 41. Kg2 Qd1 42. b5 Qd3 43.
a6+ Kb6 44. Qb8+ Kc5 45. Qxc8 1-0

[Event "Early-Titled-Tuesday-Blitz-April-16-2024"]
[Site "Chess.com"]
[Date "2024.04.16"]
[Round "6"]
[White "tantaan"]
[Black "familijatop71"]
[Result "1-0"]
[WhiteElo "2505"]
[BlackElo "2318"]
[TimeControl "180+1"]
[EndTime "9:08:40 PDT"]
[Termination "tantaan won on time"]

1. e4 d5 2. exd5 Qxd5 3. Nf3 Bg4 4. Nc3 Qe6+ 5. Qe2 Qxe2+ 6. Bxe2 Nc6 7. h3 Bh5 8. g4 Bg6 9. Bb5 a6 10. Bxc6+ bxc6 11. d3 h5 12. g5 e6 13. Ne5 Ne7 14.
Be3 f6 15. Nxg6 Nxg6 16. O-O-O Bb4 17. Ne4 f5 18. Nd2 Bxd2+ 19. Bxd2 Kf7 20. Rde1 Rhd8 21. Re2 Rd5 22. f4 e5 23. fxe5 Rxe5 24. Rf2 Ne7 25.
Bf4 Ra5 26. a3 Nd5 27. Bd2 Ra4 28. Rxf5+ Ke6 29. Rf3 g6 30. Re1+ Kd7 31. Rf7+ Kc8 32. Re8+ Kb7 33. Rxa8 Kxa8 34. Rg7 Rh4 35. Rxg6 Rxh3 36.
c4 Rh1+ 37. Kc2 Ne7 38. Rg7 Nf5 39. Rxc7 h4 40. g6 Rg1 41. Rf7 Nd4+ 42. Kc3 c5 43.
Be3 Ne2+ 44. Kd2 1-0

[Event "Early-Titled-Tuesday-Blitz-April-16-2024"]
[Site "Chess.com"]
[Date "2024.04.16"]
[Round "6"]
[White "FGHSMN"]
[Black "Susal_De_Silva"]
[Result "0-1"]
[WhiteElo "2892"]
[BlackElo "2704"]
[TimeControl "180+1"]
[EndTime "9:08:41 PDT"]
[Termination "Susal_De_Silva won by resignation"]

1. e4 e5 2. Nf3 Nc6 3. d4 exd4 4. Nxd4 Qf6 5. Nf3 Qg6 6. Nc3 Bb4 7. Bd2 Nge7 8. Bd3 d6 9. Nb5 Bxd2+ 10. Qxd2 Qxg2 11.
O-O-O Bg4 12. Nxc7+ Kd7 13. Bf1 Qxf3 14. Qxd6+ Kc8 15.
Be2 Rd8 16. Nxa8 Rxd6 17. Bxf3 Bxf3 18. Rxd6 Bxh1 19. e5 Kb8 20. b4 Kxa8 21. b5 Nb8 22. c4 b6 23. Rd8 Ng6 24. f4 Nxf4 25.
Rf8 Nd3+ 26. Kd2 Nxe5 27. Kc3 Kb7 28. Rh8 h5 29. Rg8 g6 30. Kd4 Nbd7 31. a4 h4 32. Rh8 g5 33. a5 f6 34. a6+ Kc7 35. Rh7 g4 36. Ke3 g3 37. hxg3 hxg3 38. Rxh1 Nxc4+ 39. Kf4 Nd6 40. Rc1+ Nc5 41. Rb1 g2 42. Kf3 f5 43.
Kxg2 Nde4 44. Kf3 Nd2+ 45. Kf4 Nxb1 0-1

[Event "Early-Titled-Tuesday-Blitz-April-16-2024"]
[Site "Chess.com"]
[Date "2024.04.16"]
[Round "6"]
[White "Let_it_be_1"]
[Black "ljuks68"]
[Result "1-0"]
[WhiteElo "2587"]
[BlackElo "2389"]
[TimeControl "180+1"]
[EndTime "9:08:41 PDT"]
[Termination "Let_it_be_1 won by resignation"]

1. e4 e6 2. d4 d5 3. Nd2 Nf6 4. e5 Nfd7 5. Bd3 c5 6. c3 Nc6 7. Ne2 cxd4 8. cxd4 f6 9. exf6 Qxf6 10. Nf3 h6 11.
O-O Bd6 12. Be3 O-O 13. Qd2 Rd8 14. Bf4 Bxf4 15. Qxf4 Qxf4 16. Nxf4 Nf6 17. Ng6 Bd7 18. Rfe1 Rac8 19. a3 Rc7 20. Rac1 Rcc8 21. b4 Kf7 22. Rc5 Ke8 23. Rec1 Ne7 24. Nfe5 Nxg6 25. Bxg6+ Ke7 26. h3 Rxc5 27. bxc5 Rc8 28. Rb1 Rc7 29. Kf1 a6 30.
Bd3 Be8 31. Ke2 Nd7 32. Nxd7 Bxd7 33. Ke3 Bc6 34. Rb6 Kd7 35. Kf4 Rc8 36. Ke5 g5 37.
g3 Rf8 38. f4 gxf4 39. gxf4 Rg8 40. f5 exf5 41. Bxf5+ Ke7 42. Rb3 Rg1 43. Re3 Rf1 44.
Bg4 Rf2 45. Rf3 Re2+ 46. Kf4 Rd2 47. Re3+ Kf7 48. Ke5 Rf2 49. Rf3+ Rxf3 50. Bxf3 Bd7 51. Bxd5+ Kg6 52. h4 Kh5 53. Be6 Bb5 54. d5 Kxh4 55.
d6 1-0

[Event "Early-Titled-Tuesday-Blitz-April-16-2024"]
[Site "Chess.com"]
[Date "2024.04.16"]
[Round "6"]
[White "chezzgirl04"]
[Black "ccccvhhhj"]
[Result "1/2-1/2"]
[WhiteElo "2180"]
[BlackElo "2432"]
[TimeControl "180+1"]
[EndTime "9:08:42 PDT"]
[Termination "Game drawn by repetition"]

1. e4 e6 2. d4 d5 3. exd5 exd5 4. Nf3 Bg4 5. h3 Bh5 6. Bd3 c6 7. O-O Nf6 8. Re1+ Be7 9. Bf4 O-O 10. Nbd2 Nbd7 11.
c4 Re8 12. c5 b6 13. b4 a5 14.
a3 b5 15. a4 bxa4 16. b5 Qc8 17. b6 Nf8 18. Rxa4 Ne6 19. Be5 Nd7 20. Bxh7+ Kxh7 21. Qb1+ Bg6 22. b7 Bxb1 23. bxc8=Q Rexc8 24. Rxb1 Bf6 25. Bd6 Kg8 26. Rb7 Ndf8 27. Nb3 Bd8 28. Ne5 f6 29. Nf7 Ng6 30. Bg3 f5 31. Nd6 Rcb8 32. Nxa5 Bxa5 33. Rxa5 f4 34. Bh2 Rxa5 35. Rxb8+ Kh7 36. g4 Ng5 37.
Kf1 Nxh3 38. Ke2 Ra3 39. Nf7 f3+ 40. Kd2 Nxf2 41. Ng5+ Kh6 42. Nf7+ Kh7 43. Ng5+ Kh6 44. Nf7+ Kh7 1/2-1/2

[Event "Early-Titled-Tuesday-Blitz-April-16-2024"]
[Site "Chess.com"]
[Date "2024.04.16"]
[Round "6"]
[White "HanSchut"]
[Black "RedFirePanda"]
[Result "0-1"]
[WhiteElo "2297"]
[BlackElo "2472"]
[TimeControl "180+1"]
[EndTime "9:08:42 PDT"]
[Termination "RedFirePanda won on time"]

1. e4 d5 2. exd5 Qxd5 3. Nc3 Qd8 4. Nf3 Nf6 5. d4 Bf5 6. Bc4 e6 7. Qe2 Be7 8. Ne5 Nbd7 9. g4 Nxe5 10. dxe5 Nxg4 11.
h3 Nh6 12. Bxh6 gxh6 13. Rd1 Qc8 14. Bd3 Bg6 15. h4 c6 16. h5 Bxd3 17. Rxd3 Qc7 18. f4 Bb4 19. Qg4 Bxc3+ 20. bxc3 Qb6 21. Qg7 Rf8 22. Ke2 Rd8 23. Rhd1 Rd5 24. c4 Rxd3 25. Rxd3 Qb1 26. Qf6 Qxc2+ 27. Rd2 Qxc4+ 28. Kd1 Qf1+ 29. Kc2 Qc4+ 30. Kd1 Qf1+ 31. Kc2 Qc4+ 32. Kb1 Qb4+ 33.
Kc1 Qa3+ 34. Kd1 Qe7 35. Qxh6 f6 36. exf6 Rxf6 37. Qg5 Rf8 38. Qe5 Qf6 39. Qb8+ Kf7 40. Qxb7+ Kg8 41. Rd7 Qf5 42. Rg7+ Kh8 43. Re7 Qd5+ 44.
Kc1 Qc4+ 45. Kb1 Qd3+ 46. Kb2 Qf5 47. Rd7 Qf6+ 48. Kb1 Rg8 0-1

[Event "Early-Titled-Tuesday-Blitz-April-16-2024"]
[Site "Chess.com"]
[Date "2024.04.16"]
[Round "6"]
[White "kekic76"]
[Black "maurovargas01"]
[Result "1-0"]
[WhiteElo "2334"]
[BlackElo "1901"]
[TimeControl "180+1"]
[EndTime "9:08:42 PDT"]
[Termination "kekic76 won on time"]

1. c4 e5 2. Nc3 Nc6 3. d3 Nf6 4. Nf3 g6 5. g3 Bg7 6. Bg2 O-O 7. O-O d6 8. Bd2 Nd4 9. Nxd4 exd4 10. Ne4 Nd7 11. b4 f5 12. Ng5 Nf6 13. Nf3 c5 14. Rb1 Rb8 15. Bf4 b6 16. bxc5 Re8 17. cxd6 Nd7 18.
Nxd4 Bxd4 19. e3 Bg7 20. d4 g5 21. Bd5+ Kh8 22. Be5 Nxe5 23. dxe5 Bxe5 24. c5 Ba6 25. Re1 bxc5 26. Rxb8 Qxb8 27. d7 Rd8 28. Be6 Qd6 29. Bxf5 Bb5 30. Qxd6 Bxd6 31. Rd1 Be7 32. Rd5 Bc6 33.
Rd2 Kg7 34. e4 Rb8 35. f3 Bd8 36. h4 h6 37. hxg5 hxg5 38. Rd6 Kf8 39. Rxc6 Ke7 40. Rxc5 Rb1+ 41. Kg2 Rb2+ 42. Kh3 Rxa2 43. Re5+ Kd6 44. Re8 1-0

[Event "Early-Titled-Tuesday-Blitz-April-16-2024"]
[Site "Chess.com"]
[Date "2024.04.16"]
[Round "6"]
[White "Acva-Alenok"]
[Black "Schattman"]
[Result "0-1"]
[WhiteElo "2313"]
[BlackElo "2497"]
[TimeControl "180+1"]
[EndTime "9:08:43 PDT"]
[Termination "Schattman won on time"]

1. d4 d5 2. c4 e6 3. Nf3 Nf6 4. g3 dxc4 5. Bg2 c5 6. O-O Nc6 7. Qa4 Bd7 8. Qxc4 b5 9. Qd3 c4 10. Qd1 Rc8 11. Bg5 Be7 12. Nc3 a6 13. Rc1 O-O 14. a4 b4 15. Bxf6 gxf6 16. Ne4 Na5 17. d5 exd5 18. Qxd5 Be6 19. Qh5 Kh8 20. Rfd1 Qb6 21.
Qh6 Bf5 22. Neg5 Bg6 23. Nxh7 Kg8 24. Nxf8 Bxf8 25. Qd2 Nb3 26. Qd7 Rc7 27. Qd8 Nxc1 28.
Rxc1 Qd6 29. Qxd6 Bxd6 30. Nh4 c3 31. bxc3 bxc3 32. Nxg6 fxg6 33. Bd5+ Kg7 34. Rc2 Ba3 35. e4 Bb2 36. f4 Rc5 37. Kf2 f5 38. Ke3 fxe4 39. Bxe4 Rc4 40. a5 Ra4 41. Bd3 Rxa5 42. Re2 Ra1 43. Bc4 a5 44. Kd3 Rd1+ 45. Kc2 Rd4 46.
Kb3 a4+ 47. Kb4 a3 48. Kb3 a2 49. Re7+ Kf8 50. Re1 Rxc4 0-1

[Event "Early-Titled-Tuesday-Blitz-April-16-2024"]
[Site "Chess.com"]
[Date "2024.04.16"]
[Round "6"]
[White "yonaltimur"]
[Black "dontcatchmeifyoucant"]
[Result "1-0"]
[WhiteElo "2438"]
[BlackElo "2138"]
[TimeControl "180+1"]
[EndTime "9:08:43 PDT"]
[Termination "yonaltimur won by resignation"]

1. e4 c6 2. c4 d5 3. cxd5 cxd5 4. exd5 Nf6 5. Nc3 Nxd5 6. Nf3 Nc6 7. d4 Bg4 8. Be2 e6 9. O-O Be7 10. h3 Bh5 11. Nxd5 Qxd5 12. Be3 O-O 13. Ne5 Bxe2 14. Nxc6 Qxc6 15. Qxe2 Bf6 16. Rac1 Qd5 17. Qc4 Rfd8 18. Rfd1 h5 19. Qxd5 Rxd5 20. Rc7 Rb5 21. b3 Rd8 22. Kf1 Be5 23. Rc4 Rbd5 24. Ke2 Bd6 25. Rdc1 f6 26. Rc8 Rxc8 27. Rxc8+ Kf7 28. Ra8 a6 29.
Ra7 Rb5 30. Kd3 Kg6 31. Kc4 Ra5 32. a4 b5+ 33. Kd3 bxa4 34. Bd2 Rf5 35. Rxa6 Bc7 36.
bxa4 Rxf2 37. g4 Rf3+ 38. Kc4 Rxh3 39. gxh5+ Rxh5 40. Rxe6 Kf5 41. Rc6 Bg3 42. Rc5+ Kg4 43. Rxh5 Kxh5 44. a5 Kg6 45. a6 Bb8 46. Kb5 Ba7 47.
Bb4 Bxd4 48. Bc5 Bxc5 49. Kxc5 1-0

[Event "Early-Titled-Tuesday-Blitz-April-16-2024"]
[Site "Chess.com"]
[Date "2024.04.16"]
[Round "6"]
[White "JACK_BAU3R"]
[Black "Gumugama"]
[Result "0-1"]
[WhiteElo "1986"]
[BlackElo "2209"]
[TimeControl "180+1"]
[EndTime "9:08:43 PDT"]
[Termination "Gumugama won on time"]

1. d4 Nf6 2. c3 g6 3. Bf4 Bg7 4. Nd2 O-O 5. e4 d6 6. Be2 c5 7.
dxc5 dxc5 8. h4 h5 9. f3 Nc6 10.
Nh3 Bxh3 11. Rxh3 e5 12. Be3 Qe7 13. Qc2 a6 14. O-O-O b5 15. g4 b4 16. Bg5 Rfc8 17. gxh5 Qe6 18. Bc4 Qxh3 19. hxg6 Nd8 20. gxf7+ Nxf7 21. Qb3 Rc7 22. Rg1 Kf8 23. f4 exf4 24. Bxf4 Re7 25. cxb4 Qxb3 26. axb3 cxb4 27. Be3 Nxe4 28. Nxe4 Rxe4 29. Bc5+ Kg8 30. Bd5 Rc8 31. Bxe4 Rxc5+ 32. Kb1 Nd6 33. Bd3 a5 34. Rg6 Nf7 35. Bc4 Kf8 36. Rg4 Ne5 37. Rf4+ Ke7 38. Re4 Kd6 39. Rd4+ Ke7 40.
Re4 Bf6 41. h5 Kf8 42. Rf4 Ke7 43. h6 Nxc4 44. bxc4 Rh5 45. Ka2 a4 46. c5 b3+ 0-1

[Event "Early-Titled-Tuesday-Blitz-April-16-2024"]
[Site "Chess.com"]
[Date "2024.04.16"]
[Round "6"]
[White "CristianS27"]
[Black "Yan_Dyomin2010"]
[Result "1-0"]
[WhiteElo "2542"]
[BlackElo "2634"]
[TimeControl "180+1"]
[EndTime "9:08:44 PDT"]
[Termination "CristianS27 won by resignation"]

1. e4 c5 2. Nf3 Nc6 3. d4 cxd4 4. Nxd4 g6 5. Nc3 Bg7 6. Be3 Nf6 7. Bc4 O-O 8. Bb3 d6 9. h3 Bd7 10. O-O Rc8 11.
Re1 Ne5 12. Qe2 Qc7 13. Rad1 Nc4 14. Bc1 a6 15. Nd5 Nxd5 16. exd5 Rfe8 17. c3 b5 18. h4 a5 19. h5 Qc5 20. Nf3 a4 21. Bc2 Bg4 22.
hxg6 hxg6 23. Qe4 Bxf3 24. Qxf3 a3 25. b4 Qc7 26. Qh3 Nb6 27. Re3 Bxc3 28. Bxg6 fxg6 29. Qe6+ Kg7 30. Rg3 Bf6 31. Bh6+ Kxh6 32. Qf7 Qc2 33.
Rdd3 Rg8 34. Rh3+ Kg5 35. Rhg3+ Kf4 36. Qe6 Qxd3 37. Rxd3 Rc1+ 38. Kh2 Rh8+ 39. Rh3 Rxh3+ 40. Qxh3 Ke5 41. Qe3+ Kxd5 42. Qxc1 Nc4 43. Qd1+ Bd4 44. f4 e5 45. fxe5 dxe5 46. Qg4 e4 47. Qd7+ Ke5 48.
Qxb5+ Kf4 49. Qxc4 1-0

[Event "Early-Titled-Tuesday-Blitz-April-16-2024"]
[Site "Chess.com"]
[Date "2024.04.16"]
[Round "6"]
[White "kyuotbi"]
[Black "Tol_Tol"]
[Result "1-0"]
[WhiteElo "2280"]
[BlackElo "2411"]
[TimeControl "180+1"]
[EndTime "9:08:44 PDT"]
[Termination "kyuotbi won by resignation"]

1. e4 c5 2. Nf3 Nc6 3. d4 cxd4 4. Nxd4 Nf6 5. Nc3 e5 6. Ndb5 d6 7. Nd5 Nxd5 8. exd5 Ne7 9. c4 Nf5 10. Bd3 Be7 11. O-O O-O 12. Qc2 g6 13. a4 Bd7 14. Nc3 Rc8 15. a5 Nd4 16. Qd1 f5 17. f4 e4 18. Bxe4 Rxc4 19. Bd3 Rc8 20. Be3 Bf6 21.
Rf2 Re8 22. Bc1 b5 23. axb6 Qxb6 24. Ra6 Qb8 25. Bf1 Nb3 26. Re2 Nc5 27. Ra3 Qb6 28. Be3 Rxe3 29. Rxe3 Nb7 30. Na4 Bxa4 31. Qxa4 Bd4 32. Kf2 Qxb2+ 33. Kf3 Bxe3 34. Rxe3 Nc5 35. Qc4 Qb7 36. g4 Qf7 37. gxf5 Qxf5 38. Bd3 Qh5+ 39. Kg2 Rf8 40. Rh3 Qh4 41. Rxh4 Rxf4 42.
Rxf4 1-0

[Event "Early-Titled-Tuesday-Blitz-April-16-2024"]
[Site "Chess.com"]
[Date "2024.04.16"]
[Round "6"]
[White "LevonAronian"]
[Black "Szparu"]
[Result "0-1"]
[WhiteElo "3059"]
[BlackElo "2845"]
[TimeControl "180+1"]
[EndTime "9:08:45 PDT"]
[Termination "Szparu won on time"]

1. e4 e6 2. d4 d5 3. Nc3 Nf6 4. Bg5 dxe4 5. Nxe4 Nbd7 6. Nf3 h6 7. Bxf6 Nxf6 8.
Bd3 Be7 9. Qe2 Nd5 10. Qd2 O-O 11.
c3 b6 12. O-O-O Bb7 13. h4 c5 14. Bc2 cxd4 15. Nxd4 Qc7 16. g3 Rad8 17. Rhe1 e5 18. Nb5 Qc4 19. Qd3 Qxa2 20. c4 f5 21. cxd5 fxe4 22.
Qxe4 Qa1+ 23. Kd2 Qa5+ 24. Kc1 Qa1+ 25. Kd2 Rxf2+ 26. Re2 Qa5+ 27. Nc3 Rxd5+ 28. Qxd5+ Bxd5 29. Rxf2 Bc5 30. Re2 Bf3 31. Bb3+ Kh8 32. Rxe5 Bxd1 33. Re8+ Kh7 34. Bxd1 Bd4 35. Bc2+ g6 36. Rd8 Bxc3+ 37.
bxc3 Qe5 38. Rd3 Kg7 39. Re3 Qc5 40. Bd3 a5 41. Re6 Qf2+ 42. Be2 Qxg3 43. Rxb6 Qxh4 44. Rb7+ Kf6 45. c4 Qd4+ 46. Bd3 a4 47. Rb5 a3 0-1

[Event "Early-Titled-Tuesday-Blitz-April-16-2024"]
[Site "Chess.com"]
[Date "2024.04.16"]
[Round "6"]
[White "noblerone"]
[Black "jinxy2009"]
[Result "0-1"]
[WhiteElo "2515"]
[BlackElo "2327"]
[TimeControl "180+1"]
[EndTime "9:08:45 PDT"]
[Termination "jinxy2009 won by checkmate"]

1. d4 Nf6 2. Nf3 g6 3. Bg5 Bg7 4. Nbd2 d5 5. e3 O-O 6. Be2 c5 7. O-O Qc7 8. c3 Nbd7 9. Bf4 Qb6 10. Qb3 c4 11. Qxb6 axb6 12. a3 Nh5 13. Bc7 b5 14. e4 e6 15. Rfe1 Bh6 16. g3 Nhf6 17. Bf1 Ne8 18. Bd8 Nef6 19. Be7 Re8 20. Bd6 dxe4 21.
Nxe4 Nxe4 22. Rxe4 Nf6 23. Ree1 Bd7 24. Ne5 Bc6 25. Bg2 Nd5 26. Ng4 Bg7 27. Be5 h5 28. Bxg7 Kxg7 29. Ne5 f6 30. Nf3 g5 31. Nd2 Kf7 32.
Ne4 Red8 33. Nc5 Re8 34. Ne4 Rad8 35. Rad1 b6 36. Bh3 g4 37. Bg2 h4 38. gxh4 Rh8 39. Ng3 Rxh4 40. Re3 Rdh8 41. Re2 Rxh2 42. Red2 Ba8 43.
Ne4 Nf4 44. Nd6+ Ke7 45. Bxa8 Kxd6 46. Be4 f5 47. Bb7 Kc7 48. d5 Kxb7 49. f3 Rh1+ 50. Kf2 R8h2+ 51. Kg3 Nh5# 0-1

[Event "Early-Titled-Tuesday-Blitz-April-16-2024"]
[Site "Chess.com"]
[Date "2024.04.16"]
[Round "6"]
[White "Nechitaylo_Nikita"]
[Black "tarno17"]
[Result "1/2-1/2"]
[WhiteElo "2287"]
[BlackElo "2123"]
[TimeControl "180+1"]
[EndTime "9:08:45 PDT"]
[Termination "Game drawn - insufficient material"]

1. d4 d5 2. c4 e6 3. Nc3 Nf6 4.
cxd5 exd5 5. Bg5 Be7 6. e3 O-O 7. Bd3 h6 8. Bh4 b6 9. Nf3 Bb7 10.
O-O Nbd7 11. Rc1 Ne4 12. Bxe7 Qxe7 13. Nxe4 dxe4 14. Rxc7 Bc8 15. Bb5 exf3 16. Qxf3 Rb8 17. Rxa7 Qd6 18. Rc1 Nf6 19. a3 Bg4 20. Qg3 Qxg3 21.
hxg3 Rfc8 22. Rxc8+ Bxc8 23. Bc4 Be6 24. Bxe6 fxe6 25. Re7 Re8 26. Rb7 Nd5 27. e4 Nf6 28. f3 Nh5 29. g4 Nf4 30. Kf2 Nd3+ 31. Ke2 Nxb2 32. Rxb6 Nc4 33. Ra6 Kf7 34. a4 Rb8 35.
Kd3 Na3 36. f4 Rb3+ 37. Ke2 Nc4 38. f5 Re3+ 39. Kf2 Rxe4 40. fxe6+ Rxe6 41. Rxe6 Kxe6 42. Ke2 Kd5 43. g5 hxg5 44. Kf3 Kxd4 45. Kg4 Ne3+ 46.
Kxg5 Nxg2 47. a5 Kc5 48. a6 Kb6 49. a7 Kxa7 50. Kg6 Nf4+ 51. Kxg7 1/2-1/2

[Event "Early-Titled-Tuesday-Blitz-April-16-2024"]
[Site "Chess.com"]
[Date "2024.04.16"]
[Round "6"]
[White "GoltsevDmitry2000"]
[Black "theoneandonlydaaevik"]
[Result "1/2-1/2"]
[WhiteElo "2772"]
[BlackElo "2590"]
[TimeControl "180+1"]
[EndTime "9:08:46 PDT"]
[Termination "Game drawn by stalemate"]

1. e4 c5 2. Nf3 e6 3. d4 cxd4 4. Nxd4 Nf6 5. Nc3 Nc6 6. Be2 Bb4 7. Qd3 O-O 8. O-O d6 9. Bg5 h6 10. Bh4 Ne5 11. Qh3 Ng6 12. Rad1 e5 13. Nf5 Nxh4 14. Qxh4 Bxf5 15. exf5 Bxc3 16. bxc3 d5 17. c4 d4 18. Bd3 Qc8 19. Rde1 Re8 20. f3 Qc5 21. g4 Nh7 22.
Qg3 Rad8 23. h4 Nf6 24. Rb1 Qe7 25. Rfe1 b6 26. Rb5 Nd7 27. f4 e4 28. Rxe4 Qa3 29.
Rxe8+ Rxe8 30. Rb1 Re3 31. Qg2 Qe7 32. Qa8+ Nf8 33. Kg2 Qxh4 34. Bf1 Qxg4+ 35. Kh1 Qh4+ 36. Kg1 Qxf4 37. Bg2 Qxf5 38. Rf1 Qg6 39. Qxa7 Re2 40. Qb7 Rxc2 41. Kh1 Qh5+ 42. Kg1 d3 43. Qe4 Qg6 44. Rd1 Rxa2 45. Rxd3 Rxg2+ 46. Qxg2 Qxd3 47. Qf2 Qxc4 48. Kg2 Qd5+ 49. Kg1 b5 50. Qe3 Qc4 51. Qf2 b4 52.
Kg2 Qc3 53. Kg1 b3 54. Kg2 Qc2 55. Kg1 Qxf2+ 56. Kh1 b2 1/2-1/2

[Event "Early-Titled-Tuesday-Blitz-April-16-2024"]
[Site "Chess.com"]
[Date "2024.04.16"]
[Round "6"]
[White "Donskov_AN"]
[Black "AmanteDeMoi"]
[Result "1-0"]
[WhiteElo "2400"]
[BlackElo "2593"]
[TimeControl "180+1"]
[EndTime "9:08:47 PDT"]
[Termination "Donskov_AN won on time"]

1. e4 g6 2. d4 Bg7 3. Nc3 c6 4.
Nf3 d5 5. h3 dxe4 6. Nxe4 Nd7 7. Bd3 Ngf6 8. O-O O-O 9. c3 Nxe4 10. Bxe4 Qc7 11. Qe2 e5 12. dxe5 Nxe5 13. Nxe5 Qxe5 14. Qf3 Re8 15. Bc2 Be6 16. Bf4 Qb5 17. b3 Bf5 18.
Rac1 Bxc2 19. Rxc2 Rad8 20. Be3 Qd3 21. Rfc1 a5 22.
Qe2 Qf5 23. Rd2 b5 24. Rcd1 Ra8 25. c4 a4 26. cxb5 cxb5 27. Rd5 Qe4 28. Qxb5 a3 29. Qd3 Qe6 30. Bc5 Bb2 31. b4 Rec8 32. Qc4 h5 33. b5 Qf6 34. Qb3 Rab8 35. b6 Qc6 36. Be3 Bg7 37. Rd7 Qe6 38. Qxe6 fxe6 39. Ra7 Bb2 40. Rdd7 Re8 41. Rac7 Be5 42. Rc6 Rec8 43.
Rxc8+ Rxc8 44. g3 Rb8 45. Re7 1-0